 Dungeon Crawl Stone Soup version 0.13-b1-24-g18a6e78 (webtiles) character file.

441 Deemzul the Sneak (level 6, 0/41 HPs)
             Began as an Octopode Monk on Oct 3, 2013.
             Slain by Grinder (6 damage)
             ... on Level 3 of the Dungeon.
             The game lasted 00:06:49 (2239 turns).

Deemzul the Sneak (Octopode Monk)                   Turns: 2239, Time: 00:06:49

HP   0/41        AC  6     Str 11      XL: 6   Next: 19%
MP   5/5         EV 13     Int 12      God:
Gold 178         SH  0     Dex 16      Spells:  0 memorised,  5 levels left

Res.Fire  : . . .   See Invis. : .     - Unarmed
Res.Cold  : . . .   Warding    : .   (no shield)
Life Prot.: . . .   Conserve   : .   (helmet restricted)
Res.Poison: .       Res.Corr.  : .   (no amulet)
Res.Elec. : .       Clarity    : .   j - +5 ring of protection
Sust.Abil.: . .     Spirit.Shd : .   m - ring of sustenance
Res.Mut.  : .       Stasis     : .   (no ring)
Res.Rott. : .       Flight     : .   (no ring)
Saprovore : . . .                    (no ring)
                                     (no ring)
                                     (no ring)
                                     (no ring)

@: about to teleport, slightly resistant to hostile enchantments, very stealthy
A: almost no armour, amphibious, 8 rings, constrict 8, camouflage 1, AC +1
a: no special abilities


You were on level 3 of the Dungeon.
You were not hungry.

You visited 1 branch of the dungeon, and saw 4 of its levels.

You collected 178 gold pieces.

Inventory:

Comestibles
 b - 5 bread rations
 k - 2 meat rations
 o - an apple
Scrolls
 a - a scroll of teleportation
 c - a scroll of identify {unknown}
 d - a scroll of amnesia {unknown}
 e - a scroll of curse weapon {unknown}
 f - a scroll of curse armour {unknown}
 h - 2 scrolls of enchant armour {unknown}
 l - 2 scrolls of recharging {unknown}
 p - a scroll of enchant weapon I {unknown}
 s - a scroll of remove curse {unknown}
 t - a scroll of fog {unknown}
Jewellery
 j - a +5 ring of protection (left tentacle)
 m - a ring of sustenance (right tentacle)
Potions
 g - a potion of heal wounds {unknown}
 i - a potion of poison
 r - a potion of slowing {unknown}


   Skills:
 + Level 3.1 Fighting
 + Level 3.2 Dodging
 * Level 6.2 Stealth
 * Level 5.8 Unarmed Combat


You had 5 spell levels left.
You didn't know any spells.

Dungeon Overview and Level Annotations

Branches:
Dungeon (4/27)
 Temple: D:4-7

Altars:

Annotations:
D:3 Grinder, Ijyb


Innate Abilities, Weirdness & Mutations

You cannot wear most types of armour.
You are amphibious.
You can wear up to eight rings at the same time.
You can use your tentacles to constrict many enemies at once.
Your skin changes colour to match your surroundings (Stlth).
Your rubbery body absorbs attacks (AC +1).


Message History

It was a potion of poison.
The adder barely misses you. Grinder gestures at you.
Pain shoots through your body!
* * * LOW HITPOINT WARNING * * *
The hobgoblin hits you but does no damage.
The orc priest hits you with an orcish flail.
* * * LOW HITPOINT WARNING * * *
The adder misses you.
Drink which item? (? for menu, Esc to quit)
You feel better. Grinder hits you.
* * * LOW HITPOINT WARNING * * *
You writhe in agony.
The orc hits you with an orcish club.
* * * LOW HITPOINT WARNING * * *
The hobgoblin barely misses you. The adder bites you.
* * * LOW HITPOINT WARNING * * *
The orc priest barely misses you.
Read which item? (? for menu, Esc to quit)
As you read the scroll of teleportation, it crumbles to dust.
You feel strangely unstable. Grinder hits you.
You die...

5##%# . ###.# #.#
#[# #.# #5# #.# #o#
#.#
###.##########.#####
...................
###............gS#
.....#########.o@#
####ยง######
##.o5###.#
#....o.###..........
######5..%.........
##############


You could see Grinder, an orc priest, an adder, an orc and a hobgoblin.

Vanquished Creatures
  A hound (D:4)
  An iguana (D:4)
  An orc priest (D:4)
  3 worker ants (D:4)
  4 adders
  A giant mite (D:1)
  12 giant geckos
  2 oozes
  3 orcs
  7 goblins
  4 hobgoblins
  A quokka (D:3)
  2 bats
  2 giant cockroaches (D:1)
  6 giant newts
  A goblin skeleton (D:4)
  3 kobolds
  4 rats
58 creatures vanquished.

Notes
Turn   | Place    | Note
--------------------------------------------------------------
     0 | D:1      | Deemzul, the Octopode Monk, began the quest for the Orb.
     0 | D:1      | Reached XP level 1. HP: 14/14 MP: 0/0
    16 | D:1      | Reached XP level 2. HP: 10/19 MP: 1/1
   969 | D:2      | Reached XP level 3. HP: 19/25 MP: 2/2
  1531 | D:3      | Noticed Ijyb
  1579 | D:3      | Noticed Grinder
  1594 | D:3      | Paralysed by Grinder for 2 turns
  1615 | D:3      | Reached skill level 5 in Unarmed Combat
  1633 | D:4      | Reached XP level 4. HP: 21/30 MP: 3/3
  1836 | D:4      | Reached skill level 5 in Stealth
  1836 | D:4      | Reached XP level 5. HP: 28/35 MP: 4/4
  1962 | D:4      | Noticed a phantom
  2111 | D:4      | Reached skill level 6 in Stealth
  2111 | D:4      | Reached XP level 6. HP: 22/41 MP: 5/5
  2211 | D:4      | Noticed an ogre
  2233 | D:3      | Paralysed by Grinder for 2 turns
  2237 | D:3      | HP: 2/41 [orc priest/orcish flail (1)]
  2239 | D:3      | Slain by Grinder

Action                   |  1- 3 |  4- 6 || total
-------------------------+-------+-------++-------
Melee: Unarmed           |    59 |    80 ||   139
  Use: Scroll            |     1 |     1 ||     2
       Potion            |       |     3 ||     3
 Stab: Sleeping          |    12 |     7 ||    19
